 Dungeon Crawl Stone Soup version 0.29-a0-885-gb26ba3297d (webtiles) character file.

Game seed: 261206340017448100

3101 wilfster70 the Cruncher (level 9, -9/59 HPs)
             Began as a Gargoyle Gladiator on July 20, 2022.
             Was a Priest of Wu Jian.
             Mangled by a yak (13 damage)
             ... on level 8 of the Dungeon.
             The game lasted 00:19:13 (9775 turns).

wilfster70 the Cruncher (Gargoyle Gladiator)        Turns: 9775, Time: 00:19:13

Health: -9/59      AC: 14    Str: 19    XL:     9   Next: 90%
Magic:  9/9        EV: 12    Int: 12    God:    Wu Jian [***...]
Gold:   330        SH:  0    Dex: 11    Spells: 8/8 levels left

rFire   . . .      SeeInvis .   a - +0 quarterstaff
rCold   . . .      Faith    .   (shield currently unavailable)
rNeg    + + .      Spirit   .   C - +0 steam dragon scales
rPois   ∞          Reflect  .   c - +0 helmet
rElec   +          Harm     .   u - +0 cloak
rCorr   .          Rampage  .   g - +0 pair of gloves
Will    .....                   (no boots)
Stlth   +.........              y - amulet of regeneration
HPRegen 0.99/turn               f - ring of positive energy
MPRegen 0.11/turn               (no ring)

@: serpent's lash
A: sickness immunity, AC +6, negative energy resistance 1, electricity
resistance, torment resistance 1, petrification resistance
a: Renounce Religion, Wall Jump, Serpent's Lash


You were on level 8 of the Dungeon.
You worshipped Wu Jian.
Wu Jian was most pleased with you.
You visited 2 branches of the dungeon, and saw 9 of its levels.

You collected 467 gold pieces.
You spent 137 gold pieces at shops.

Inventory:

Hand Weapons
 a - a +0 quarterstaff (weapon)
 b - a +0 sling
 v - a +3 quarterstaff of chaos
Missiles
 d - 3 throwing nets (quivered)
 e - 7 javelins
 i - 7 poisoned darts
Armour
 c - a +0 helmet (worn)
 g - a +0 pair of gloves (worn)
 u - a +0 cloak (worn)
 C - +0 steam dragon scales (worn)
Jewellery
 f - a ring of positive energy (left hand)
 h - an amulet of faith
 y - an amulet of regeneration (around neck)
 z - a ring of wizardry
 E - a ring of wizardry
Wands
 l - a wand of flame (4)
 D - a wand of charming (4)
 G - a wand of light (8)
 H - a wand of mindburst (15)
Scrolls
 s - 3 scrolls of fear
 w - 2 scrolls of blinking
 x - 3 scrolls of amnesia
 A - 2 scrolls of magic mapping
 I - a scroll of butterflies
Potions
 j - 3 potions of curing
 k - 2 potions of haste
 m - a potion of mutation {unknown}
 o - 2 potions of flight
 p - a potion of berserk rage {unknown}
 q - 2 potions of attraction {unknown}
 t - 2 potions of cancellation
 B - a potion of ambrosia {unknown}
 F - a potion of lignification {unknown}


   Skills:
 - Level 8.1 Fighting
 * Level 11.8 Staves
 - Level 1.8 Throwing
 - Level 2.4 Dodging


You had 8 spell levels left.
You didn't know any spells.
Your spell library contained the following spells:

 Spells                   Type           Power      Damage    Failure   Level
 Shock                    Conj/Air       0%         1d3       32%         1
 Ensorcelled Hibernation  Hex/Ice        0%         N/A       45%         2
 Call Canine Familiar     Summ           0%         N/A       69%         3
 Portal Projectile        Hex/Tloc       0%         N/A       69%         3
 Spider Form              Tmut/Pois      0%         N/A       69%         3
 Swiftness                Air            0%         N/A       69%         3
 Airstrike                Air            0%         0-1+      97%         4
 Anguish                  Hex/Necr       0%         N/A       97%         4
 Leda's Liquefaction      Hex/Erth       0%         N/A       97%         4
 Summon Lightning Spire   Summ/Air       0%         N/A       97%         4
 Lightning Bolt           Conj/Air       0%         1d11      100%        5


Dungeon Overview and Level Annotations

Branches:
Dungeon (8/15)             Temple (0/1) D:5            Lair (1/5) D:8

Altars:
Ashenzari
Dithmenos
Vehumet
Wu Jian
Xom
The Shining One

Shops:
D:5 ?*

Portals:
Gauntlet: Lair:1


Innate Abilities, Weirdness & Mutations

You are immune to sickness and miasma.
Your stone body is resilient. (AC +6)
You are immune to poison.
You resist negative energy. (rN+)
You are resistant to electric shocks. (rElec)
You are resistant to unholy torment.
You are immune to petrification.


Message History

The yak is lightly wounded.
You thump the yak!
The yak is moderately wounded.
You repeatedly attack the yak from above.
You hit the yak.
The yak is moderately wounded.
You hit the yak but do no damage.
The yak is moderately wounded.
You hit the yak.
The yak is moderately wounded.
The yak misses you. The yak barely misses you. The yak gores you!
* * * LOW HITPOINT WARNING * * *
The yak gores you.
* * * LOW HITPOINT WARNING * * *
You closely miss the yak.
The yak is moderately wounded.
The yak barely misses you. The yak closely misses you. The yak gores you.
* * * LOW HITPOINT WARNING * * *
The yak closely misses you.
You barely miss the yak.
The yak is severely wounded.
The yak gores you but does no damage. The yak barely misses you.
The yak gores you but does no damage. x2
You hit the yak.
The yak is severely wounded.
Okay, then.
Unknown command.
Unknown command.
Your muscles tense, ready for explosive movement...
You hit the yak.
The yak is almost dead.
The yak misses you. The yak barely misses you. The yak gores you!
* * * LOW HITPOINT WARNING * * *
The yak closely misses you.
You hit the yak.
The yak is almost dead.
The yak gores you.
* * * LOW HITPOINT WARNING * * *
The yak gores you!
You die...

+.......# #.......#
#####.......#
............########
.....#######.......#
.....#.>...#.......#
.....#.....#.......#
..o..#.....#.......#
##)###.....#....@Y.#
.)...#.....)...YYY.#
.Y...#.)...#.......#
..Y..#.....#.......#
...###...###.......#
..Y###[..###########
Yoo#..............#
ooo#..............#
...#..............#


You could see 4 yaks.

Vanquished Creatures
  Maurice (D:8)
  A hornet (D:7)
  Grinder (D:4)
  A yak (D:8)
  2 steam dragons
  2 orc warriors (D:7)
  A water moccasin (D:7)
  An ice beast (D:5)
  A phantom (D:4)
  A centaur (D:7)
  A bullfrog (D:6)
  4 scorpions
  9 wights (D:6)
  2 jellies (D:6)
  3 orc priests
  Crazy Yiuf (D:4)
  3 hounds
  2 iguanas (D:6)
  7 orc wizards
  A gnoll (D:1)
  10 adders
  2 white imps
  A worm (D:3)
  A dart slug (D:1)
  24 orcs
  11 endoplasms
  3 giant cockroaches
  6 goblins
  5 hobgoblins
  4 jackals (D:1)
  4 quokkas
  6 ball pythons
  2 bats
  3 frilled lizards
  3 kobolds
  7 rats
137 creatures vanquished.

Vanquished Creatures (others)
  A fungus (Lair:1)
  A plant (Lair:1)
2 creatures vanquished.

Grand Total: 139 creatures vanquished

Notes
Turn   | Place    | Note
-------+----------+-------------------------------------------
     0 | D:1      | wilfster70 the Gargoyle Gladiator began the quest for the
                  | Orb.
     0 | D:1      | Reached XP level 1. HP: 12/12 MP: 1/1
   243 | D:1      | Reached XP level 2. HP: 14/18 MP: 2/2
   660 | D:1      | Found a faded altar of an unknown god.
   682 | D:1      | Prayed at the altar of an unknown god.
   682 | D:1      | Became a worshipper of the Wu Jian Council
   682 | D:1      | Reached * piety under Wu Jian
   835 | D:1      | Reached XP level 3. HP: 22/22 MP: 3/3
  1078 | D:1      | Reached skill level 4 in Staves
  1511 | D:2      | You fall into a shaft and drop 1 floor!
  1945 | D:2      | Reached XP level 4. HP: 27/28 MP: 4/4
  2694 | D:3      | Reached XP level 5. HP: 32/32 MP: 5/5
  2752 | D:3      | Reached ** piety under Wu Jian
  3200 | D:3      | Reached skill level 5 in Staves
  4146 | D:4      | Reached XP level 6. HP: 36/38 MP: 6/6
  4380 | D:4      | Found a runed translucent door.
  4381 | D:4      | Noticed Crazy Yiuf
  4390 | D:4      | Killed Crazy Yiuf
  4558 | D:4      | Identified the +2 hammer "Tocelaf" {vorpal, rF+}
  4641 | D:4      | Reached skill level 6 in Staves
  4672 | D:4      | Noticed Grinder
  4706 | D:4      | Paralysed by Grinder for 5 turns
  4712 | D:4      | Killed Grinder
  4713 | D:4      | Reached skill level 5 in Fighting
  4713 | D:4      | Reached XP level 7. HP: 19/44 MP: 7/7
  4998 | D:5      | Entered Level 5 of the Dungeon
  5036 | D:5      | Found Nefyilaoph's General Store.
  5188 | D:5      | Found a staircase to the Ecumenical Temple.
  5245 | D:5      | Reached skill level 7 in Staves
  5357 | D:5      | Found Kuntohaasez's Magic Scroll Emporium.
  5363 | D:5      | Bought a scroll of noise for 11 gold pieces
  5363 | D:5      | Bought a scroll of blinking for 82 gold pieces
  5363 | D:5      | Bought a scroll of amnesia for 44 gold pieces
  6040 | D:6      | Reached XP level 8. HP: 51/51 MP: 8/8
  6090 | D:6      | Reached skill level 8 in Staves
  6328 | D:6      | Reached *** piety under Wu Jian
  6329 | D:6      | Reached skill level 9 in Staves
  7198 | D:6      | Reached XP level 9. HP: 47/57 MP: 9/9
  7953 | D:7      | Reached skill level 10 in Staves
  8183 | D:7      | Found a shimmering altar of Xom.
  8312 | D:7      | Found a broken altar of Ashenzari.
  8422 | D:7      | Found a radiant altar of Vehumet.
  8891 | D:7      | Noticed a hornet
  8907 | D:7      | Killed a hornet
  8934 | D:7      | Found a glowing golden altar of the Shining One.
  9281 | D:8      | Found a shadowy altar of Dithmenos.
  9285 | D:8      | Noticed Maurice
  9483 | D:8      | Killed Maurice
  9484 | D:8      | Reached skill level 11 in Staves
  9568 | D:8      | Found a staircase to the Lair.
  9664 | Lair:1   | Entered Level 1 of the Lair of Beasts
  9664 | Lair:1   | Noticed a cane toad
  9676 | Lair:1   | Noticed a cane toad
  9697 | Lair:1   | Found a gate leading to a gauntlet.
  9775 | D:8      | Mangled by a yak

Illustrated notes

Levels and vault maps discovered:
D:1:      doesnt_arrival_eight_statues, layout_basic,
          ebering_ecumenical_altar_ruins, minivault_23
D:2:      minmay_alternating_diamond, layout_basic, serial_forest,
          infiniplex_forest_clump_small, infiniplex_forest_end_3,
          infiniplex_forest_lined_room_2, infiniplex_forest_straight_1,
          infiniplex_forest_diagonal, infiniplex_forest_corner_2,
          infiniplex_forest_end_1, infiniplex_forest_zigzag_1
D:3:      layout_basic, serial_bayou, serial_bayou_pond_b, serial_bayou_pond_a,
          serial_bayou_shore_b, serial_bayou_ford_a, minmay_increasing_density
D:4:      layout_basic, uniq_crazy_yiuf_cottage, uniq_grinder
D:5:      layout_basic, temple_fountains, serial_shops, shop, shop,
          columned_hall_lemuel
D:6:      layout_layer_cave
D:7:      layout_rooms, nicolae_tso_carved_into_rock, mainiacjoe_overflow_paths,
          nicolae_overflow_crystal_walls, mainiacjoe_overflow_alcove_4,
          serial_aquarium, aquarium_bridge_long_separate
          [aquarium_subvault_window, aquarium_subvault_bridge,
          aquarium_subvault_window, aquarium_subvault_bridge,
          aquarium_subvault_wall, aquarium_subvault_wall], aquarium_window_1,
          aquarium_window_2, aquarium_window_1, aquarium_window_1,
          aquarium_view_2b, aquarium_view_2f, aquarium_pool_double,
          lightli_minifort
D:8:      layout_gridville, riverfiend_overflow_shadow_ancestor,
          lair_entry_dummy, uniq_maurice, uniq_joseph
Lair:1:   layout_concentric_octagons, gauntlet_entry_generic,
          infiniplex_staircase_pool, grunt_megastairs_4

Skill      XL: |  1  2  3  4  5  6  7  8  9 |
---------------+----------------------------+-----
Staves         | 4 5 6 7 9 11 | 11.8
Fighting       | 3 4 5 7 8 |  8.1
Throwing       | |  1.8
Dodging        | |  2.4

Action                   |  1- 3 |  4- 6 |  7- 9 || total
-------------------------+-------+-------+-------++-------
Melee: Quarterstaff      |   108 |   203 |   381 ||   692
 Fire: Sling             |       |     7 |       ||     7
Invok: Lunge             |     6 |     6 |    23 ||    35
       Whirlwind         |     3 |     5 |    34 ||    42
       Serpent's Lash    |       |       |     3 ||     3
 Abil: Wall Jump         |       |       |     5 ||     5
  Use: Scroll            |     3 |     4 |    10 ||    17
       Potion            |       |     1 |     5 ||     6
Armor: Leather armour    |    13 |       |       ||    13
       Ring mail         |    19 |    88 |    75 ||   182
       Steam dragon scal |       |       |    69 ||    69
Dodge: Dodged            |    65 |    87 |   194 ||   346

Table legend: (Time is in decaauts)
 A = Elapsed time spent in this place.
 B = Non-inter-level travel time spent in this place.
 C = Inter-level travel time spent in this place.
 D = Time resting spent in this place.
 E = Time spent auto-exploring this place.
 F = Levels seen in this place.
 G = Mean time per level.
                   A        B        C        D        E       F      G
               +--------+--------+--------+--------+--------+-----+--------+
         Total |   9755 |   9457 |    298 |   2098 |   4826 |   9 | 1083.9 |
       Dungeon |   9689 |   9391 |    298 |   2077 |   4826 |   8 | 1211.1 |
          Lair |     65 |     65 |      0 |     21 |      0 |   1 |   65.0 |
               +--------+--------+--------+--------+--------+-----+--------+

Top non-repeatable levels by time:
     D:6: 2072 daAuts
     D:1: 1403 daAuts
     D:3: 1375 daAuts
     D:4: 1364 daAuts
     D:7: 1272 daAuts
     D:5: 982 daAuts
     D:2: 875 daAuts
     D:8: 345 daAuts
  Lair:1: 65 daAuts
